 Dungeon Crawl Stone Soup version 0.18.1-48-g4cf74bf (webtiles) character file.

15219 Alarkh the Spear-Bearer (level 11, -1/72 HPs)
             Began as a Mummy Skald on July 8, 2016.
             Was an Initiate of Gozag.
             Slain by a blink frog (18 damage)
             ... on level 3 of the Lair of Beasts on July 17, 2016.
             The game lasted 00:32:39 (17267 turns).

Alarkh the Spear-Bearer (Mummy Skald)              Turns: 17267, Time: 00:32:40

Health: -1/72      AC:  8    Str: 17    XL:     11   Next: 99%
Magic:  15/20      EV: 11    Int: 14    God:    Gozag
Gold:   558        SH:  0    Dex: 13    Spells: 3 memorised, 16 levels left

rFire  x . .     SeeInvis .     a - +0 halberd
rCold  + . .     Gourm    .     v - +0 leather armour
rNeg   + + +     Faith    .     (shield currently unavailable)
rPois  ∞         Spirit   .     h - +0 helmet
rElec  .         Dismiss  .     s - +0 cloak
rCorr  .         Reflect  .     r - +0 pair of gloves
SustAt .         Harm     .     m - +1 pair of boots
MR     ++...                    q - amulet of magic regeneration
Stlth  +.........               y - +2 ring of strength
                                k - ring of protection from magic

@: infused, very resistant to hostile enchantments, very unstealthy
A: no food or potions, fire vulnerability, cold resistance 1, negative energy
resistance 3, torment resistance, unbreathing
a: Potion Petition, Call Merchant, Bribe Branch, Renounce Religion


You were on level 3 of the Lair of Beasts.
You worshipped Gozag.
Gozag was noncommittal.
You were not hungry.

You visited 3 branches of the dungeon, and saw 13 of its levels.

You collected 2157 gold pieces.
You spent 198 gold pieces at shops.
You paid 1401 gold pieces to Gozag.

Inventory:

Hand Weapons
 a - a +0 halberd (weapon)
 b - a +1 hand axe of flaming
Missiles
 D - 2 throwing nets (quivered)
Armour
 h - a +0 helmet (worn)
 m - a +1 pair of boots (worn)
 r - a +0 pair of gloves (worn)
 s - a +0 cloak (worn)
 v - a +0 leather armour (worn)
Jewellery
 d - an uncursed ring of sustain attributes
 f - an uncursed ring of fire {unknown}
 k - a ring of protection from magic (left hand)
 n - an uncursed ring of see invisible
 q - an amulet of magic regeneration (around neck)
 u - an uncursed ring of teleportation
 y - a +2 ring of strength (right hand)
Wands
 o - a wand of slowing (33/48)
 t - a wand of iceblast (8/15)
 x - a wand of iceblast (5/15)
Scrolls
 e - 8 scrolls of remove curse
 g - a scroll of teleportation
 i - 3 scrolls of amnesia
 j - 7 scrolls of enchant weapon
 l - a scroll of immolation
 p - a scroll of random uselessness
 w - a scroll of holy word
 z - a scroll of magic mapping
 A - a scroll of summoning
 B - a scroll of enchant armour
Books
 c - a book of Battle

   Spells                             Type                      Level
   a - Infusion                       Charms                       1
   b - Shroud of Golubria             Charms/Translocation         2
   c - Song of Slaying                Charms                       2
   d - Spectral Weapon                Hexes/Charms                 3
   e - Regeneration                   Charms/Necromancy            3


   Skills:
 - Level 2.0 Fighting
 + Level 14.1 Polearms
 - Level 0.7 Armour
 - Level 0.7 Dodging
 - Level 6.0 Spellcasting
 - Level 6.0 Charms


You had 16 spell levels left.
You knew the following spells:

 Your Spells              Type           Power        Failure   Level  Hunger
a - Spectral Weapon       Hex/Chrm       ##......     17%         3    N/A
c - Infusion              Chrm           ###.         1%          1    N/A
e - Shroud of Golubria    Chrm/Tloc      ##........   10%         2    N/A

Dungeon Overview and Level Annotations

Branches:
Dungeon (9/15)             Temple (1/1) D:5            Lair (3/8) D:9
  Swamp: Lair:3-6    Shoals: Lair:3-6     Snake: Lair:3-6    Spider: Lair:3-6
    Orc: D:9-12

Altars:
Ashenzari
Cheibriados
Dithmenos
Elyvilon
Fedhas
Gozag
Kikubaaqudgha
Makhleb
Nemelex Xobeh
Okawaru
Pakellas
Qazlal
Ru
Sif Muna
Trog
Vehumet
Xom
Yredelemnul
Zin
The Shining One

Shops:
D:7 ?   Lair:1 **


Innate Abilities, Weirdness & Mutations

You do not eat or drink.
Your flesh is vulnerable to fire.
You are immune to poison.
Your flesh is cold resistant.
You are immune to negative energy.
You are immune to unholy pain and torment.
You can survive without breathing.


Message History

You are too injured to fight recklessly!
You are too injured to fight recklessly!
You hit the blink frog.
The blink frog is lightly wounded.
Your spectral weapon barely misses the blink frog.
The blink frog closely misses you.
You barely miss the blink frog.
The blink frog is lightly wounded.
Your spectral weapon closely misses the blink frog.
The blink frog hits you!
* * * LOW HITPOINT WARNING * * *
The blink frog blinks!
You swap places.
You swap places.
A blink frog comes into view.
The blink frog croaks.
The blink frog blinks!
You swap places.
The blink frog hits you!!
You die...
Your body crumbles into a pile of gold.

### ### ######### ##
##.###.######P#.##..##..##P
...............F.[.........
........#..#####@.....F....
.........##.# ##(.........
...#....##### #..........
...#....# #..........
........# #.######.#.
........#. #.# #
...#........ ..#
...#.....##. ....
...#.....# #..


You could see 2 blink frogs and a friendly spectral halberd.

Vanquished Creatures
  Harold (Lair:1)
  A centaur warrior (D:9)
  A hydra (D:9)
  Erica (D:8)
  Pikel (D:7)
  A griffon (Lair:2)
  A manticore (D:9)
  2 black mambas
  6 spiny frogs
  A troll (D:9)
  A two-headed ogre (D:8)
  7 blink frogs (Lair:2)
  17 yaks
  4 hippogriffs
  A basilisk (Lair:3)
  A hungry ghost (D:7)
  Menkaure (D:5)
  3 water moccasins (Lair:2)
  3 orc warriors
  3 porcupines (Lair:1)
  2 sky beasts
  2 ice beasts
  4 slaves (D:7)
  An ogre (D:5)
  A centaur (D:7)
  3 crocodiles
  3 big kobolds (D:9)
  5 giant frogs
  A gnoll sergeant (D:8)
  5 scorpions
  3 howler monkeys
  2 electric eels (Lair:1)
  4 crimson imps
  A quasit (D:3)
  Crazy Yiuf (D:5)
  6 hounds
  3 jellies
  4 orc priests
  2 orc wizards
  A centaur skeleton (D:9)
  4 iguanas
  4 worker ants
  2 hell rats (D:7)
  2 sheep (D:9)
  A hound skeleton (D:4)
  A worker ant zombie (D:9)
  Robin (D:3)
  13 gnolls
  A howler monkey skeleton (D:5)
  4 adders
  12 river rats
  A shadow imp (D:6)
  3 oozes (D:1)
  An adder zombie (D:3)
  2 worms (D:1)
  6 giant geckos
  27 orcs
  5 bats
  9 giant cockroaches
  13 goblins
  10 hobgoblins
  7 jackals
  7 kobolds
  6 quokkas
  A giant gecko skeleton (D:8)
  A giant gecko zombie (D:5)
  3 giant newts
  2 jackal skeletons
  A quokka zombie (D:6)
  32 rats
  A plant (D:9)
294 creatures vanquished.

Vanquished Creatures (others)
  A giant cockroach (D:3)
  19 spectral weapons
20 creatures vanquished.

Grand Total: 314 creatures vanquished

Notes
Turn   | Place    | Note
--------------------------------------------------------------
     0 | D:1      | Alarkh the Mummy Skald began the quest for the Orb.
     0 | D:1      | Reached XP level 1. HP: 16/16 MP: 3/3
   452 | D:1      | Reached skill level 2 in Polearms
   594 | D:1      | Reached XP level 2. HP: 14/22 MP: 0/5
   693 | D:1      | Found a runed door.
  1454 | D:2      | Reached XP level 3. HP: 24/27 MP: 4/6
  1602 | D:2      | Reached skill level 3 in Polearms
  1690 | D:1      | Learned a level 2 spell: Shroud of Golubria
  1694 | D:1      | Learned a level 3 spell: Spectral Weapon
  1783 | D:1      | Reached XP level 4. HP: 33/33 MP: 2/7
  1815 | D:1      | Reached skill level 4 in Polearms
  2295 | D:2      | Reached XP level 5. HP: 38/38 MP: 2/8
  2645 | D:3      | Noticed Robin
  2682 | D:3      | Found a radiant altar of Vehumet.
  2694 | D:3      | Killed Robin
  2694 | D:3      | Reached skill level 5 in Polearms
  3184 | D:3      | Reached XP level 6. HP: 32/44 MP: 5/9
  3237 | D:4      | Found a basalt altar of Yredelemnul.
  3803 | D:4      | Found a shimmering altar of Xom.
  4028 | D:5      | Entered Level 5 of the Dungeon
  4165 | D:5      | Noticed an ice beast
  4172 | D:5      | Killed an ice beast
  4172 | D:5      | Reached skill level 6 in Polearms
  4320 | D:5      | Noticed Menkaure
  4371 | D:5      | Killed Menkaure
  4371 | D:5      | Reached XP level 7. HP: 44/50 MP: 6/10
  4518 | D:5      | Reached skill level 7 in Polearms
  4530 | D:5      | Found a staircase to the Ecumenical Temple.
  4586 | Temple   | Entered the Ecumenical Temple
  4840 | Temple   | Became a worshipper of Gozag Ym Sagoz the Greedy
  5108 | D:5      | Noticed Crazy Yiuf
  5159 | D:5      | Killed Crazy Yiuf
  5528 | D:6      | Found a glowing golden altar of the Shining One.
  5826 | D:6      | Reached XP level 8. HP: 56/56 MP: 5/11
  5827 | D:6      | Found a basalt altar of Yredelemnul.
  5827 | D:6      | Found a deep blue altar of Sif Muna.
  5827 | D:6      | Found a blossoming altar of Fedhas.
  5830 | D:6      | Found a shadowy altar of Dithmenos.
  6343 | D:7      | Reached skill level 8 in Polearms
  7616 | D:7      | Found Disilo's Magic Scroll Shoppe.
  7678 | D:7      | Noticed Pikel
  7690 | D:7      | Killed Pikel
  7690 | D:7      | Reached XP level 9. HP: 59/61 MP: 11/15
  7852 | D:7      | HP: 1/61 [hell rat (4)]
  8662 | D:8      | Reached skill level 9 in Polearms
  8690 | D:8      | Noticed Erica
  8836 | D:8      | Reached skill level 5 in Charms
  9090 | D:8      | Reached skill level 5 in Spellcasting
  9535 | D:8      | Killed Erica
 10234 | D:9      | Got a warped ivory ring
 10235 | D:9      | Identified the cursed ring "Jaiprar" {EV-3 Int+4} (You found it on level 9 of the Dungeon)
 10250 | D:9      | Noticed a troll
 10528 | D:8      | Reached XP level 10. HP: 67/67 MP: 16/19
 10686 | D:9      | Reached skill level 10 in Polearms
 10910 | D:9      | Noticed a three-headed hydra
 10913 | D:9      | Killed a one-headed hydra
 11506 | D:9      | Noticed a manticore
 11844 | D:9      | Killed a manticore
 11844 | D:9      | Reached skill level 11 in Polearms
 11912 | D:9      | Noticed a centaur warrior
 11922 | D:9      | Killed a centaur warrior
 12041 | D:9      | Got a smoking glass ring
 12046 | D:9      | Identified the ring "Qyephawkex" {*Tele rF+ rC- SInv} (You found it on level 9 of the Dungeon)
 12162 | D:9      | Found a staircase to the Lair.
 12218 | Lair:1   | Entered Level 1 of the Lair of Beasts
 12220 | Lair:1   | Noticed a spiny frog
 12235 | Lair:1   | Killed a spiny frog
 12396 | Lair:1   | Reached skill level 12 in Polearms
 12425 | Lair:1   | Noticed a spiny frog
 12432 | Lair:1   | Killed a spiny frog
 12432 | Lair:1   | Reached XP level 11. HP: 52/72 MP: 15/20
 12888 | Lair:1   | Noticed Harold
 13868 | Lair:1   | Bought a cabochon ring for 165 gold pieces
 13868 | Lair:1   | Bought a scroll labeled LARHOON BYORI for 33 gold pieces
 14171 | Lair:1   | Killed Harold
 14294 | Lair:2   | Noticed a griffon
 14297 | Lair:2   | Reached skill level 13 in Polearms
 14303 | Lair:2   | Killed a griffon
 16775 | Lair:3   | Reached skill level 14 in Polearms
 17267 | Lair:3   | Slain by a blink frog

Skill      XL: |  1  2  3  4  5  6  7  8  9 10 11 |
---------------+----------------------------------+-----
Polearms       | 2 3 4 5 6 7 8 9 12 14 | 14.1
Charms         | 4 6 |  6.0
Spellcasting   | 4 6 |  6.0
Fighting       | |  2.0
Armour         | |  0.7
Dodging        | |  0.7

Action                   |  1- 3 |  4- 6 |  7- 9 | 10-12 || total
-------------------------+-------+-------+-------+-------++-------
Melee: Spear             |   132 |    68 |       |     1 ||   201
       Halberd           |       |   175 |   343 |   320 ||   838
       Hand axe          |       |       |       |    33 ||    33
Throw: Throwing net      |       |       |       |     1 ||     1
 Cast: Infusion          |    13 |     3 |    16 |    29 ||    61
       Spectral Weapon   |     1 |    12 |    55 |    64 ||   132
       Shroud of Golubri |     1 |     2 |    21 |    37 ||    61
Invok: Call Merchant     |       |       |       |     2 ||     2
  Use: Scroll            |     3 |     5 |     3 |     7 ||    18
 Stab: Distracted        |       |     1 |     3 |     2 ||     6
Armor: Leather armour    |    41 |   133 |   109 |    61 ||   344
Dodge: Dodged            |    65 |   194 |   184 |   132 ||   575
